 Dungeon Crawl Stone Soup version 0.30-a0-1163-gf69bf04e7a (webtiles) character file.

Game seed: 5217786029831152623

5153 lunkers the Arsonist (level 11, -3/74 HPs)
             Began as a Meteoran Fire Elementalist on Apr 28, 2023.
             Was an Initiate of Gozag.
             Slain by a tengu warrior
             ... wielding a +0 battleaxe
              (15 damage)
             ... on level 9 of the Dungeon.
             The game lasted 00:22:18 (3767 turns).

lunkers the Arsonist (Meteoran Fire Elementalist)   Turns: 3767, Time: 00:22:18

Health: -3/74      AC:  5    Str: 10    XL:     11   Next: 12%
Magic:  2/26       EV: 17    Int: 26    God:    Gozag
Gold:   725        SH:  0    Dex: 16    Spells: 14/30 levels left

rFire   . . .        o - staff of air
rCold   + + +        (no shield)
rNeg    + . .        C - +0 steam dragon scales
rPois   .            (no helmet)
rElec   +            (no cloak)
rCorr   .            (no gloves)
SInv    +            (no boots)
Will    +....        (no amulet)
Stlth   +            u - +6 ring of intelligence
HPRegen 0.32/turn    h - ring "Jugazaago" {rC+++ rN+ EV+5 Slay-4 SInv}
MPRegen 0.20/turn

%: no passive effects
@: about to teleport, glowing
A: sense surroundings 2, otherworldly, glowing, explore regen
a: Renounce Religion, Potion Petition, Call Merchant, Bribe Branch


You were on level 9 of the Dungeon.
You worshipped Gozag.
Gozag was pleased with you.
You visited 1 branch of the dungeon, and saw 9 of its levels.
You also visited: Sewer.

You collected 879 gold pieces.
You paid 154 gold pieces to Gozag.

Inventory:

Armour
 t - a +0 ring mail of positive energy
 y - an orb of wrath
 B - a +1 leather armour of poison resistance
 C - +0 steam dragon scales (worn)
Magical Staves
 o - a staff of air (weapon)
 z - a staff of earth
Jewellery
 f - a +6 ring of strength
 h - the ring "Jugazaago" (right hand) {rC+++ rN+ EV+5 Slay-4 SInv}
   (You acquired it on level 3 of the Dungeon)

   [ring of evasion]

   EV:        It affects your evasion (+5).
   Slay:      It affects your accuracy & damage with ranged weapons and melee
   (-4).
   rC:        It renders you almost immune to cold.
   rN:        It protects you from negative energy.
   SInv:      It lets you see invisible.
 u - a +6 ring of intelligence (left hand)
Wands
 a - a wand of flame (17)
 n - a wand of polymorph (2)
Scrolls
 i - a scroll of magic mapping
 j - a scroll of silence
 l - a scroll of butterflies
 p - a scroll of enchant armour
 q - 2 scrolls of amnesia
 s - a scroll of fog
 w - a scroll of teleportation
Potions
 b - a potion of curing
 c - a potion of haste
 d - 2 potions of resistance
 e - 2 potions of invisibility
 g - a potion of might
 m - 2 potions of cancellation
 r - 3 potions of flight
 v - 4 potions of heal wounds
 x - 3 potions of brilliance
 A - 2 potions of mutation
Miscellaneous
 k - a box of beasts


   Skills:
 - Level 2.4 Dodging
 - Level 1.4 Stealth
 + Level 10.0 Spellcasting
 - Level 1.2 Conjurations
 * Level 14.0 Fire Magic
 * Level 7.3 Air Magic


You had 14 spell levels left.
You knew the following spells:

 Your Spells              Type           Power      Damage    Failure   Level
a - Foxfire               Conj/Fire      100%       2x1d9     1%          1
b - Scorch                Fire           100%       2d9       1%          2
c - Volatile Blastmotes   Fire/Tloc      98%        2d18      1%          3
d - Flame Wave            Conj/Fire      51%        2d13      1%          4
e - Plasma Beam           Fire/Air       40%        2x1d59    9%          6

Your spell library contained the following spells:

 Spells                   Type           Power      Damage    Failure   Level
 Shock                    Conj/Air       100%       1d9       1%          1
 Inner Flame              Hex/Fire       49%        N/A       1%          3
 Swiftness                Air            67%        N/A       1%          3
 Magic Dart               Conj           76%        1d6       2%          1
 Airstrike                Air            33%        2d(5-21)  2%          4
 Vhi's Electric Charge    Tloc/Air       96%        N/A       3%          3
 Beastly Appendage        Tmut           26%        N/A       4%          1
 Mephitic Cloud           Conj/Pois/Air  41%        N/A       4%          3
 Call Imp                 Summ           26%        N/A       7%          2
 Lesser Beckoning         Tloc           26%        N/A       7%          2
 Wereblood                Tmut           13%        N/A       7%          2
 Stone Arrow              Conj/Erth      32%        3d9       11%         3
 Gell's Gravitas          Tloc           13%        N/A       14%         3
 Spider Form              Tmut/Pois      13%        N/A       14%         3
 Teleport Other           Tloc           13%        N/A       14%         3
 Arcjolt                  Conj/Air       26%        1d36      22%         5
 Anguish                  Hex/Necr       6%         N/A       41%         4
 Ice Form                 Ice/Tmut       13%        N/A       41%         4
 Iskenderun's Battlesphe  Conj           19%        2d7       61%         5
 Borgnjor's Vile Clutch   Necr/Erth      6%         N/A       77%         5
 Iron Shot                Conj/Erth      8%         9d3       99%         6
 Enfeeble                 Hex            6%         N/A       100%        7
 Spellforged Servitor     Conj/Summ      8%         N/A       100%        7


Dungeon Overview and Level Annotations

Branches:
Dungeon (9/15) Zot: 1826    Sewer (visited)
 Temple: D:4-7         Lair: D:8-11         Orc: D:9-12

Altars:
Elyvilon
Gozag
Xom

Shops:
D:3 [   D:4 *   D:7 *


Innate Abilities, Weirdness & Mutations

You passively map the area around you.
You are easily found by Zot.
You glow in the dark.
You regain HP and MP as you explore.


Message History

The killer bee is severely wounded.
The killer bee is distracted by your dazzling golden aura.
You barely miss the killer bee.
The killer bee is no longer distracted by gold.
The killer bee buzzes angrily.
The killer bee is severely wounded.
The killer bee misses you.
A bullfrog comes into view.
The killer bee misses you.
You miss the killer bee.
The killer bee is severely wounded.
The killer bee closely misses you. x2; The killer bee stings you.
* * * LOW HITPOINT WARNING * * *
You are poisoned.
The killer bee poisons you!
You feel sick.
A water moccasin comes into view.
An orc warrior comes into view. It is wielding a +0 glaive.
The killer bee stings you.
* * * LOW HITPOINT WARNING * * *
The tengu warrior hits you with a +0 battleaxe!
* * * LOW HITPOINT WARNING * * *
The tengu warrior closely misses you. The tengu warrior barely misses you.
As you read the scroll of teleportation, it crumbles to dust.
You feel strangely unstable.
You feel sick.
The killer bee is no longer more vulnerable to fire.
The killer bee stings you.
* * * LOW HITPOINT WARNING * * *
The tengu warrior hits you with a +0 battleaxe!!
* * * LOW HITPOINT WARNING * * *
The tengu warrior pecks you but does no damage.
The tengu warrior claws you but does no damage.
The killer bee stings you.
* * * LOW HITPOINT WARNING * * *
You feel better.
The killer bee stings you but does no damage.
The killer bee closely misses you.
The tengu warrior hits you with a +0 battleaxe!
You die...
Your body crumbles into a pile of gold.

#..<................, ,,
#..)............... ,, ***
##..)...#~~~~~~~~~≈ ~ ~*,*
#...)...~######...#######~,+
#.......≈#....#...'.....# ,*
##....)..~#..#.#..o#.....#
#........~#..###.$.# .##Q#~
#.......[~#....QS..# ,# , ,
#........≈#...@yF..# ****
#.######.~#)########,, ,, ,
+ #. #<[......# ~ , ,, #
#.~......#~ ~, , *
#>~#####+# , ***#.~# , , $*
, ..~# , ,, , * ...~#, *, *
, ,~ ,, ,....~#, , , , , ~ *


You could see a tengu warrior, an orc warrior, a water moccasin, a bullfrog and
a killer bee.

Vanquished Creatures
  An ugly thing (D:9)
  Sigmund (D:5)
  2 wyverns (D:9)
  8 yaks
  3 steam dragons
  An orc warrior (D:9)
  A black bear (D:7)
  An ogre (D:6)
  2 phantoms
  5 centaurs
  4 kobold brigands
  3 bullfrogs
  3 scorpions (D:6)
  7 killer bees
  An electric eel (D:7)
  5 jellies (Sewer)
  3 iguanas
  6 orc priests
  A hound (D:4)
  2 gnoll boudas
  7 orc wizards
  11 gnolls
  3 adders
  3 river rats (Sewer)
  A shadow imp (D:7)
  3 white imps
  An ufetubus (D:4)
  3 worms
  2 dart slugs
  33 orcs
  9 ball pythons
  8 endoplasms
  9 giant cockroaches
  5 hobgoblins
  8 jackals
  8 quokkas
  5 bats
  9 frilled lizards
  A goblin (D:3)
  18 kobolds
  5 rats
212 creatures vanquished.

Vanquished Creatures (others)
  A gnoll (D:8)
  285 foxfires
  2 plants (D:7)
288 creatures vanquished.

Grand Total: 500 creatures vanquished

Notes
Turn   | Place    | Note
-------+----------+-------------------------------------------
     0 | D:1      | lunkers the Meteoran Fire Elementalist began the quest for
                  | the Orb.
     0 | D:1      | Reached XP level 1. HP: 14/14 MP: 5/5
   107 | D:1      | Reached skill level 4 in Fire Magic
   107 | D:1      | Reached XP level 2. HP: 16/20 MP: 0/6
   197 | D:1      | Learned a level 2 spell: Scorch
   349 | D:1      | Reached XP level 3. HP: 26/26 MP: 6/8
   410 | D:1      | Learned a level 3 spell: Volatile Blastmotes
   587 | D:2      | Got Itoebacop's Cyclopedia of the Snowflakes and the Valley
   655 | D:2      | Found a faded altar of an unknown god.
   717 | D:3      | Reached XP level 4. HP: 10/33 MP: 1/10
   720 | D:3      | Reached skill level 5 in Fire Magic
   856 | D:3      | Identified a scroll of acquirement
   879 | D:3      | Acquired the ring "Jugazaago" {rC+++ rN+ EV+5 Slay-4 SInv}
   915 | D:3      | Reached XP level 5. HP: 38/38 MP: 0/11
  1119 | D:3      | Found Ulev's Armour Shoppe.
  1183 | D:4      | Reached skill level 6 in Fire Magic
  1187 | D:4      | Reached XP level 6. HP: 28/45 MP: 0/13
  1274 | D:4      | Found Gocus's Goods Gallery.
  1544 | D:4      | Learned a level 4 spell: Flame Wave
  1547 | D:5      | Entered Level 5 of the Dungeon
  1572 | D:5      | Reached skill level 5 in Spellcasting
  1572 | D:5      | Reached skill level 7 in Fire Magic
  1662 | D:5      | Found a shimmering altar of Xom.
  1666 | D:5      | Noticed Sigmund
  1668 | D:5      | Killed Sigmund
  1669 | D:5      | Reached XP level 7. HP: 50/50 MP: 10/16
  1680 | D:5      | Reached skill level 8 in Fire Magic
  1729 | D:6      | Noticed a steam dragon
  1735 | D:6      | Killed a steam dragon
  1736 | D:6      | Reached XP level 8. HP: 18/57 MP: 5/18
  1815 | D:6      | Reached skill level 9 in Fire Magic
  1949 | D:6      | Found a glowing drain.
  1962 | Sewer    | Entered a sewer
  2083 | Sewer    | Found a shimmering altar of Xom.
  2255 | D:6      | Reached skill level 10 in Fire Magic
  2442 | D:6      | Gained mutation: You passively map the area around you.
                  | [Meteoran growth]
  2442 | D:6      | Reached XP level 9. HP: 51/62 MP: 12/20
  2572 | D:7      | Reached skill level 11 in Fire Magic
  2606 | D:7      | Found Ciopa's Elemental Accessories.
  2662 | D:7      | Found a white marble altar of Elyvilon.
  2897 | D:7      | Reached skill level 12 in Fire Magic
  2913 | D:7      | Learned a level 6 spell: Plasma Beam
  3014 | D:5      | Found an opulent altar of Gozag.
  3054 | D:5      | Reached skill level 1 in Air Magic
  3068 | D:5      | Became a worshipper of Gozag Ym Sagoz the Greedy
  3123 | D:8      | Reached XP level 10. HP: 51/69 MP: 8/23
  3303 | D:8      | Reached skill level 13 in Fire Magic
  3303 | D:8      | Reached skill level 5 in Air Magic
  3702 | D:9      | Noticed a brown ugly thing
  3715 | D:9      | Killed a brown ugly thing
  3716 | D:9      | Reached XP level 11. HP: 15/74 MP: 2/25
  3748 | D:9      | Noticed a tengu warrior
  3757 | D:9      | Reached skill level 10 in Spellcasting
  3761 | D:9      | Reached skill level 14 in Fire Magic
  3767 | D:9      | Slain by a tengu warrior

Illustrated notes

Levels and vault maps discovered:
D:1:      minmay_arrival_jagged, layout_loops_ring
D:2:      layout_rooms, ebering_ecumenical_altar_mist
D:3:      layout_basic, serial_shops, shop
D:4:      minmay_evil_eye, layout_basic, minmay_misc_feat_room,
          nicolae_alphabet_shops
D:5:      layout_loops_ring, grunt_qazlal_sundering, nicolae_gozag_seed_capital,
          mainiacjoe_overflow_catwalk, minmay_temple_entry_waves,
          nrook_mini_vaults, uniq_sigmund
D:6:      layout_rooms, gup_sewer_entry_pipe
D:7:      layout_loops_ring, nicolae_elyvilon_temple_path,
          nicolae_concentric_dashed_squares_mild, hangedman_decor_push,
          nicolae_elemental_shop
D:8:      layout_cave_pools, ebering_dispersal_statue_hall
D:9:      cheibrodos_ideogram_h, layout_irregular_city,
          lemuel_mausoleum_altar_kikubaaqudgha, corexii_leaking_fountain,
          uniq_prince_ribbit1, uniq_harold

Skill      XL: |  1  2  3  4  5  6  7  8  9 10 11 |
---------------+----------------------------------+-----
Fire Magic     | 4 5 6 7 8 10 12 13 14 | 14.0
Spellcasting   | 3 4 5 6 7 8 9 10 | 10.0
Air Magic      | 2 7 |  7.3
Dodging        | |  2.4
Stealth        | |  1.4
Conjurations   | |  1.2

Action                     |  1- 3 |  4- 6 |  7- 9 | 10-12 || total
---------------------------+-------+-------+-------+-------++-------
  Melee: Unarmed           |     3 |    10 |       |       ||    13
         Staff             |       |       |     6 |     6 ||    12
   Cast: Foxfire           |    38 |    27 |    65 |    37 ||   167
         Scorch            |     8 |    47 |   118 |    58 ||   231
         Flame Wave        |       |       |       |     5 ||     5
         Plasma Beam       |       |       |       |     1 ||     1
  Evoke: Wand              |       |       |     3 |     3 ||     6
    Use: Scroll            |       |    16 |     6 |     4 ||    26
         Potion            |       |     1 |       |     1 ||     2
 Armour: Robe              |     5 |    10 |     8 |       ||    23
         Steam dragon scal |       |       |     6 |    20 ||    26
         Leather armour    |       |       |     1 |       ||     1
  Dodge: Dodged            |    16 |    23 |    56 |    47 ||   142

Table legend: (Time is in decaauts)
 A = Elapsed time spent in this place.
 B = Non-inter-level travel time spent in this place.
 C = Inter-level travel time spent in this place.
 D = Time resting spent in this place.
 E = Time spent auto-exploring this place.
 F = Levels seen in this place.
 G = Mean time per level.
                   A        B        C        D        E       F      G
               +--------+--------+--------+--------+--------+-----+--------+
         Total |   3815 |   3623 |    192 |      0 |   1785 |  10 |  381.5 |
       Dungeon |   3572 |   3380 |    192 |      0 |   1703 |   9 |  396.9 |
         Sewer |    242 |    242 |      0 |      0 |     82 |   1 |  242.0 |
               +--------+--------+--------+--------+--------+-----+--------+

Top non-repeatable levels by time:
     D:7: 663 daAuts
     D:6: 536 daAuts
     D:3: 463 daAuts
     D:1: 433 daAuts
     D:8: 410 daAuts
     D:4: 381 daAuts
     D:5: 275 daAuts
     D:2: 266 daAuts
   Sewer: 242 daAuts
     D:9: 142 daAuts
